Cogmind - Beta 12 @@@ ROGUE MODE // 2023.07.16 @ 01:53:15 Player: Zellbot Result: Destroyed by S-27 Virus with Autogun Performance ------------- Evolutions (3) 1500 Regions Visited (10) 2000 Robots Destroyed (167) 835 Value Destroyed (6311) 6311 Prototype IDs (36) 720 Alien Tech Used (0) 0 Bonus (1746) 1746 TOTAL SCORE: 13112 Bonus ------- High Alert Combat Kills 586 Follower Combat Kills 160 Entered Garrisons 200 Used RIF Installer 500 Aligned with FarCom 300 Cogmind --------- Core Integrity 0/700 Matter 80/300 Energy 137/140 System Corruption 22% Temperature Cool (0) Movement Flying (35) Location -7/Factory Parts ------- > --- POWER (1) -------- Light Deuterium Engine > --- PROPULSION (4) --- Cooled VTOL Module > --- UTILITY (4) ------ Visual Processing Unit Hacking Suite > --- WEAPON (4) ------- (None) > --- INVENTORY (5) ---- Faulty Cooled Deuterium Engine Advanced Heat Sink Reaction Control System Cloak of Protection Missile Launcher Peak State ------------ > --- POWER ------------ Heavy Ion Engine > --- PROPULSION ------- Armored Huge Wheel Armored Huge Wheel > --- UTILITY ---------- Advanced Heat Sink Huge Storage Unit > --- WEAPON ----------- Cooled Particle Cannon Cooled Particle Cannon Cooled Particle Cannon Cooled Particle Cannon > --- INVENTORY -------- Light Deuterium Engine Nuclear Core Armored Wheel Armored Wheel Armored Huge Wheel VTOL Module VTOL Module Cesium-ion Thruster Cesium-ion Thruster Improved Cooling System Improved Cooling System Small Storage Unit High-capacity Matter Pod Signal Interpreter Improved Targeting Computer Improved Targeting Computer Cloak of Protection Hardened Medium Armor Plating Hacking Suite Improved Spread Laser Improved Spread Laser Improved Spread Laser Improved Spread Laser Improved Datajack [Rating: 53] Favorites ----------- Power Nuclear Core Engine Heavy Ion Engine Power Core Nuclear Core Propulsion Armored Treads Treads Armored Treads Leg Aluminum Leg Wheel Armored Huge Wheel Flight Unit Flight Unit Utility Huge Storage Unit Device Improved Cooling System Storage Huge Storage Unit Processor Visual Processing Unit Hackware Relay Coupler [Sentry] Protection Light Armor Plating Weapon Cooled Particle Cannon Energy Gun Improved Spread Laser Energy Cannon Cooled Particle Cannon Ballistic Gun Autogun Ballistic Cannon Advanced Assault Cannon Special Melee Weapon Improved Datajack Build | -11 -10 -10 -9 -9 -9 -8 -8 -8 -8 -7 ------- Run | Jun Mat Min Mat Min Exi Min Mat Gar Mat Fac Slots Evolved 6 | . . . 2 . . . 2 . . 2 Power . | . . . . . . . . . . . Propulsion 2 | . . . . . . . 2 . . . Utility 2 | . . . . . . . . . . 2 Weapon 2 | . . . 2 . . . . . . . Parts Attached 134 | 7 18 1 7 6 . 11 18 9 5 52 Power 17 | 2 2 . 1 1 . 2 3 2 . 4 Engine 13 | 2 2 . 1 1 . 2 2 1 . 2 Core 4 | . . . . . . . 1 1 . 2 Reactor . | . . . . . . . . . . . Propulsion 51 | 2 6 . 2 1 . 5 7 1 5 22 Treads 25 | . . . . . . 4 3 . 4 14 Leg 3 | 2 1 . . . . . . . . . Wheel 12 | . 2 . 2 1 . 1 4 1 1 . Hover . | . . . . . . . . . . . Flight 11 | . 3 . . . . . . . . 8 Utility 22 | 1 3 . 1 2 . 1 . 1 . 13 Device 9 | . 1 . 1 1 . 1 . 1 . 4 Storage 3 | 1 1 . . . . . . . . 1 Processor 2 | . 1 . . . . . . . . 1 Hackware 6 | . . . . . . . . . . 6 Protection 2 | . . . . 1 . . . . . 1 Artifact . | . . . . . . . . . . . Weapon 44 | 2 7 1 3 2 . 3 8 5 . 13 Energy Gun 22 | 2 5 . . 2 . . 2 4 . 7 Energy Cannon 8 | . . . . . . . 6 . . 2 Ballistic Gun 11 | . 2 1 3 . . 3 . . . 2 Ballistic Cannon 1 | . . . . . . . . . . 1 Launcher . | . . . . . . . . . . . Special Weapon . | . . . . . . . . . . . Impact Weapon . | . . . . . . . . . . . Slashing Weapon . | . . . . . . . . . . . Piercing Weapon . | . . . . . . . . . . . Special Melee Weapon 2 | . . . . . . . . 1 . 1 Unidentified Prototypes 8 | . . . . . . . 4 . . 4 Parts Lost 41 | . 1 . 2 2 . 5 . 3 . 28 Power 7 | . 1 . . . . 2 . 1 . 3 Propulsion 8 | . . . 1 . . . . . . 7 Utility 5 | . . . . 1 . . . . . 4 Weapon 21 | . . . 1 1 . 3 . 2 . 14 Highest Loss Streak 4 | . 1 . 2 1 . 4 . 1 . 4 To Critical Strikes . | . . . . . . . . . . . Average Slot Usage (%) 88 | . 86 100 99 90 88 87 87 80 97 87 Engine 4 | . 14 14 11 11 11 10 7 3 . . Core 4 | . . . . . . . 1 5 9 6 Treads 14 | . . . . . . 1 8 . 32 27 Wheel 8 | . 12 28 21 16 11 10 15 18 1 . Device 7 | . 3 . 5 5 11 11 9 9 9 6 Storage 8 | . 14 14 11 11 11 11 9 9 9 6 Processor 1 | . 3 14 5 . . . . . . 1 Hackware 3 | . . . . . . . . . . 10 Energy Gun 10 | . 13 . . 7 11 11 2 16 18 10 Energy Cannon 7 | . . . . . . . 20 18 9 4 Ballistic Gun 10 | . 9 28 43 35 33 32 13 . . 2 Special Melee Weapon 2 | . . . . . . . . . 9 3 Naked Turns . | . . . . . . . . . . . Heaviest Build 117 | 13 90 91 100 103 103 103 117 117 105 111 Greatest Support 82 | 20 24 24 24 28 28 51 56 56 80 82 Greatest Overweight (x) 33 | . 3 3 4 33 3 3 4 2 3 1 Average Overweight (x) 1 | . 1 3 4 3 3 2 2 1 1 . Largest Inventory Capacity 25 | 8 25 25 25 25 25 25 25 25 25 25 Average Capacity 24 | 7 14 25 25 25 25 25 25 25 25 24 Most Carried 25 | 4 19 19 25 25 25 25 25 25 25 25 Average Carried 22 | 2 9 18 23 24 25 24 24 24 25 20 Final Capacity 25 | 8 25 25 25 25 25 25 25 25 25 5 Final Carried 25 | 4 18 19 25 25 25 24 25 25 25 5 Class Distribution -------------------- 31% | Skirmisher 25% | Mutant 19% | Bothacker-Skirmisher 12% | Gunner 9% | Bothacker-Mutant Dominant Class ---------------- Mutant | -10/Materials Mutant | -10/Mines Gunner | -9/Materials Gunner | -9/Mines Gunner | -9/Exiles Mutant | -8/Mines Skirmisher | -8/Materials Skirmisher | -8/Garrison Bothacker-Skirmisher | -8/Materials Bothacker-Skirmisher | -7/Factory Resources | -11 -10 -10 -9 -9 -9 -8 -8 -8 -8 -7 ----------- Run | Jun Mat Min Mat Min Exi Min Mat Gar Mat Fac Matter Collected 3461 | 53 391 81 697 396 . 266 360 289 133 795 Remotely 69 | . . . . . . . . . . 69 Salvage Created 5691 | . 532 81 767 235 . 287 678 989 739 1383 Parts 289 | . 28 9 58 12 . 13 37 37 33 62 Haulers Intercepted . | . . . . . . . . . . . Recyclers Shooed 5 | . 3 . 1 . . . . . . 1 Parts Field Recycled . | . . . . . . . . . . . Retrieved Matter . | . . . . . . . . . . . Parts Self-Destructed . | . . . . . . . . . . . Prevented . | . . . . . . . . . . . Kills | -11 -10 -10 -9 -9 -9 -8 -8 -8 -8 -7 ------- Run | Jun Mat Min Mat Min Exi Min Mat Gar Mat Fac Combat Hostiles Destroyed 137 | . 12 5 15 8 . 9 18 26 17 27 Melee 1 | . . . . . . . . . . 1 Guns 100 | . 12 5 14 8 . 9 8 14 13 17 Cannons 33 | . . . . . . . 9 12 4 8 AOE 2 | . . . 1 . . . . . . 1 Classes Destroyed 14 | . 4 . 5 1 . 1 . 2 . 1 Worker 7 | . 1 . 2 . . . . . . 4 Builder 3 | . . . 1 . . . . . . 2 Tunneler 1 | . . . 1 . . . . . . . Recycler 4 | . 2 . . 1 . . . . . 1 Mechanic 1 | . . . . . . . . . . 1 Operator 3 | . . . 1 . . . 2 . . . Watcher 11 | . . . 5 . . . 1 . 1 4 Swarmer 34 | . 6 5 2 7 . 3 7 4 . . Grunt 64 | . 6 . 9 . . 5 6 14 9 15 Brawler 3 | . . . . . . . . 2 . 1 Duelist 6 | . . . . 1 . . . 2 1 2 Sentry 23 | . . . 4 . . . 5 3 6 5 Hunter 2 | . . . . . . 1 . . 1 . Programmer 5 | . . . . . . . . 1 . 4 Best Kill Streak 9 | . 4 3 9 4 . 5 6 5 6 6 Combat Bots Only 6 | . 3 3 6 4 . 5 6 5 6 4 Max Kills in Single Turn 8 | . 2 1 8 1 . 1 2 2 1 4 Gunslinging 1 | . 1 . . . . . . . . . Exploded 1 | . . . 1 . . . . . . 1 Melee 1 | . . . . . . . . . . 1 Uniques/NPCs Destroyed . | . . . . . . . . . . . Combat | -11 -10 -10 -9 -9 -9 -8 -8 -8 -8 -7 -------- Run | Jun Mat Min Mat Min Exi Min Mat Gar Mat Fac Damage Taken 9472 | . 330 149 437 493 . 559 587 1364 566 4987 Core 1420 | . 76 25 142 40 . 100 83 196 49 709 Absorbed by Shields . | . . . . . . . . . . . Redirected to Shielding 19 | . . . . . . . . . . 19 Regen/Repaired (Parts) 423 | . . . . . . . 136 . . 287 Core Remaining (%) 57 | 100 . 59 . . . 29 . . 40 . Volleys Fired 390 | . 34 13 37 24 . 25 36 65 28 128 Largest 4 | . 2 2 4 4 . 4 4 4 3 4 Hottest 255 | . 80 46 92 138 . 138 144 255 180 244 Shots Fired 1116 | . 67 27 146 83 . 61 101 248 83 300 Gun 799 | . 67 27 146 83 . 61 45 116 55 199 Cannon 317 | . . . . . . . 56 132 28 101 Launcher . | . . . . . . . . . . . Special . | . . . . . . . . . . . Kinetic 423 | . 11 27 146 79 . 48 27 . . 85 Thermal 640 | . 43 . . 4 . 13 74 248 83 175 Explosive . | . . . . . . . . . . . Electromagnetic 53 | . 13 . . . . . . . . 40 Robot Hit Streak 21 | . 9 3 8 7 . 9 15 21 13 16 Robot Miss Streak 16 | . 4 4 3 6 . 4 2 5 6 16 Penetration Max . | . . . . . . . . . . . Secondary Targets 9 | . 4 . 1 3 . . 1 . . . Max Gunslinging Chain 1 | . 1 . 1 1 . . 1 . . . Shots Hit Robots 671 | . 43 13 85 31 . 40 66 131 72 190 Core Hits 462 | . 21 5 37 11 . 21 27 126 86 128 Critical Kills 1 | . . . . . . . 1 . . . Critical Parts Destroyed 1 | . . 1 . . . . . . . . Critical Strikes 7 | . . 1 . . . 1 4 . . 1 Burn 4 | . . . . . . 1 3 . . . Meltdown 1 | . . . . . . . 1 . . . Destroy 1 | . . 1 . . . . . . . . Blast 1 | . . . . . . . . . . 1 Melee Attacks 18 | . . . . . . . . . 5 13 Impact . | . . . . . . . . . . . Slashing . | . . . . . . . . . . . Piercing . | . . . . . . . . . . . Sneak Attacks 9 | . . . . . . . . . 4 5 Combat Hostiles . | . . . . . . . . . . . Follow-up Attacks . | . . . . . . . . . . . Damage Inflicted 15069 | . 577 189 2107 531 . 783 1647 3423 1486 4326 Guns 9238 | . 505 189 1301 522 . 783 539 1791 1165 2443 Cannons 4419 | . . . . . . . 1108 1632 321 1358 Explosions 1359 | . 48 . 806 . . . . . . 505 Melee . | . . . . . . . . . . . Ramming 53 | . 24 . . 9 . . . . . 20 Kinetic 3900 | . 90 189 1301 454 . 558 297 . . 1011 Thermal 9454 | . 359 . . 68 . 225 1350 3423 1486 2543 Explosive 1311 | . . . 806 . . . . . . 505 Electromagnetic 351 | . 104 . . . . . . . . 247 Impact . | . . . . . . . . . . . Slashing . | . . . . . . . . . . . Piercing . | . . . . . . . . . . . Highest Corruption 22 | . 4 4 . . . . 4 7 7 22 Average Corruption 6 | . 4 4 . . . . 4 5 7 7 Corruption Purged . | . . . . . . . . . . . Corruption Blocked 8 | . . . . . . . . . . 8 Effects 185 | . 2 1 . . . . 18 50 30 84 Message Errors 42 | . 1 . . . . . 5 10 7 19 Matter Fused 46 | . . . . . . . 2 8 13 23 Heat Flow Errors 25 | . . . . . . . 2 9 . 14 Energy Discharges 16 | . . . . . . . 2 6 3 5 Parts Fused 2 | . . . . . . . . 1 . 1 Data Loss (minor) 20 | . . . . . . . 4 5 4 7 Data Loss (major) 11 | . . . . . . . 2 2 2 5 Misfires 6 | . . 1 . . . . 1 3 . 1 Alerts 5 | . 1 . . . . . . 1 . 3 Misdirections 4 | . . . . . . . . . . 4 Weapon Failures 8 | . . . . . . . . 5 1 2 Overload Shots . | . . . . . . . . . . . Overflow Damage 204 | . 18 . 71 . . . 26 16 . 73 Projectiles 61 | . . . . . . . 26 16 . 19 Explosions 143 | . 18 . 71 . . . . . . 54 Melee . | . . . . . . . . . . . Knockbacks 12 | . . . . . . . . . . 12 Impact . | . . . . . . . . . . . Kinetic 10 | . . . . . . . . . . 10 Secondary 2 | . . . . . . . . . . 2 Self-Inflicted Damage 194 | . 12 . . 4 . . . . . 178 Shots 2 | . . . . . . . . . . 2 Rammed 5 | . 1 . . 1 . . . . . 3 Targets Rammed 6 | . 1 . . 1 . . . . . 4 Kicked . | . . . . . . . . . . . Crushed 1 | . . . . . . . . . . 1 Highest Temperature 525 | . 162 25 525 112 . 118 113 408 156 318 Average Temperature 85 | . 52 6 156 43 . 59 22 107 51 86 Received Heat Transfer 2523 | . 90 . 189 66 . 243 279 504 234 918 Effects 14 | . . . 11 . . . . 3 . . Shutdowns 2 | . . . 2 . . . . . . . Energy Bleed 1 | . . . . . . . . 1 . . Interference 3 | . . . 3 . . . . . . . Matter Decay 2 | . . . 2 . . . . . . . Short Circuit 2 | . . . 1 . . . . 1 . . Damage (minor) 3 | . . . 2 . . . . 1 . . Damage (core) 1 | . . . 1 . . . . . . . Siege Activations . | . . . . . . . . . . . Robots Corrupted . | . . . . . . . . . . . Combat Hostiles . | . . . . . . . . . . . Parts Fried 2 | . . . . . . . . . . 2 Impact Corruptions 1 | . . . . . . . . . . 1 Robots Melted 1 | . . . . . . . 1 . . . Combat Hostiles 1 | . . . . . . . 1 . . . Parts Melted 20 | . 1 . . . . . 8 3 1 7 Heat Transferred 11608 | . 750 . . 136 . 518 2220 3249 1414 3321 Parts Sabotaged . | . . . . . . . . . . . Parts Stolen . | . . . . . . . . . . . Parts Stripped . | . . . . . . . . . . . Power Chain Reactions 1 | . 1 . . . . . . . . . Missiles Intercepted . | . . . . . . . . . . . Alert | -11 -10 -10 -9 -9 -9 -8 -8 -8 -8 -7 ------- Run | Jun Mat Min Mat Min Exi Min Mat Gar Mat Fac Peak Influence 996 | . 350 200 405 409 . 160 266 996 892 654 Initial 485 | . . 75 78 153 . . 11 111 485 337 Average 347 | . 165 158 222 264 . 69 103 572 600 401 Maximum Alert Level 3 | . 1 1 2 2 . . 1 3 3 2 Low Security (%) 28 | 100 51 71 43 2 . 100 87 14 . 4 Level 1 30 | . 48 28 54 94 . . 12 22 . 36 Level 2 33 | . . . 2 2 . . . 31 74 58 Level 3 7 | . . . . . . . . 32 25 . Level 4 . | . . . . . . . . . . . Level 5 . | . . . . . . . . . . . High Security . | . . . . . . . . . . . Max Security . | . . . . . . . . . . . Squads Dispatched 25 | . 3 . 2 1 . . 1 . 2 16 Investigation 6 | . 3 . 1 1 . . . . 1 . Extermination 5 | . . . . . . . . . . 5 Reinforcement 8 | . . . 1 . . . 1 . 1 5 Assault 2 | . . . . . . . . . . 2 Garrison 4 | . . . . . . . . . . 4 Intercept . | . . . . . . . . . . . Searches Triggered . | . . . . . . . . . . . Construction Impeded . | . . . . . . . . . . . Haulers Reinforced 1 | . . . . . . . . . . 1 Active Scanning Responses . | . . . . . . . . . . . Cargo Convoy Interrupts 1 | . . . . . . . . . . 1 Stealth | -11 -10 -10 -9 -9 -9 -8 -8 -8 -8 -7 --------- Run | Jun Mat Min Mat Min Exi Min Mat Gar Mat Fac Distress Signals 9 | . 2 . 4 . . . 1 . 2 . Communications Jammed . | . . . . . . . . . . . Distress Signals . | . . . . . . . . . . . Times Spotted 227 | . 18 6 22 12 . 10 26 27 23 83 Peak Tracking Total 13 | . 3 3 6 4 . 5 6 5 6 13 Tactical Retreats 20 | . 2 1 . 1 . . 2 1 2 11 Traps | -11 -10 -10 -9 -9 -9 -8 -8 -8 -8 -7 ------- Run | Jun Mat Min Mat Min Exi Min Mat Gar Mat Fac Traps Triggered 17 | . 1 . . . . . . 11 . 5 Indirectly . | . . . . . . . . . . . Trap Hack Attempts . | . . . . . . . . . . . Triggered . | . . . . . . . . . . . Disarmed . | . . . . . . . . . . . Reprogrammed . | . . . . . . . . . . . Reused . | . . . . . . . . . . . Traps Extracted . | . . . . . . . . . . . Installed . | . . . . . . . . . . . Triggered 2 | . . . . . . . . . . 2 Machines | -11 -10 -10 -9 -9 -9 -8 -8 -8 -8 -7 ---------- Run | Jun Mat Min Mat Min Exi Min Mat Gar Mat Fac Machines Disabled 11 | . . . 2 . . . . 4 . 5 Max in Single Turn 2 | . . . 2 . . . . 1 . 2 Garrison Access 1 | . . . . . . . . . . 1 Garrison Relay 4 | . . . . . . . . 4 . . Machines Repaired . | . . . . . . . . . . . Machines Sabotaged . | . . . . . . . . . . . Overloaded Fab Kills . | . . . . . . . . . . . Hacking | -11 -10 -10 -9 -9 -9 -8 -8 -8 -8 -7 --------- Run | Jun Mat Min Mat Min Exi Min Mat Gar Mat Fac Machines Accessed 17 | . 4 . 2 1 1 . 4 1 2 2 Terminals 8 | . 4 . 1 . . . 1 1 1 . Fabricators . | . . . . . . . . . . . Repair Stations 3 | . . . 1 . . . 1 . . 1 Recycling Units 1 | . . . . . . . 1 . . . Scanalyzers 1 | . . . . . . . . . 1 . Garrison Access 2 | . . . . . . . 1 . . 1 Total Hacks 35 | . 8 . 5 1 1 . 8 1 7 4 Successful 23 | . 5 . 2 1 1 . 5 . 5 4 Failed 12 | . 3 . 3 . . . 3 1 2 . Catastrophic 2 | . 1 . 1 . . . . . . . Database Lockouts . | . . . . . . . . . . . Manual 3 | . . . . . 1 . 2 . . . Terminals 15 | . 8 . 2 . . . 2 1 2 . Fabricators . | . . . . . . . . . . . Repair Stations 9 | . . . 3 . . . 4 . . 2 Recycling Units 1 | . . . . . . . 1 . . . Scanalyzers 5 | . . . . . . . . . 5 . Garrison Access 3 | . . . . . . . 1 . . 2 Terminal Hacks 8 | . 5 . . 1 1 . . . 1 . Record 1 | . 1 . . . . . . . . . Prototype ID Bank 3 | . 3 . . . . . . . . . Open Door 1 | . . . . 1 . . . . . . Terminal Index 1 | . 1 . . . . . . . . . Alert Level 1 | . . . . . . . . . 1 . EX-Prototype ID Bank 1 | . . . . . 1 . . . . . Fabricator Hacks . | . . . . . . . . . . . Repair Station Hacks 7 | . . . 2 . . . 3 . . 2 Scan Component 5 | . . . 2 . . . 2 . . 1 Repair 2 | . . . . . . . 1 . . 1 Recycling Unit Hacks 1 | . . . . . . . 1 . . . Report Inventory 1 | . . . . . . . 1 . . . Scanalyzer 4 | . . . . . . . . . 4 . Insert Component 3 | . . . . . . . . . 3 . Analyze 1 | . . . . . . . . . 1 . Garrison Access Hacks 3 | . . . . . . . 1 . . 2 Unlock Access 1 | . . . . . . . 1 . . . Seal Access 1 | . . . . . . . . . . 1 Coupler Status 1 | . . . . . . . . . . 1 Unauthorized Hacks . | . . . . . . . . . . . Terminals . | . . . . . . . . . . . Fabricators . | . . . . . . . . . . . Repair Stations . | . . . . . . . . . . . Recycling Units . | . . . . . . . . . . . Scanalyzers . | . . . . . . . . . . . Garrison Access . | . . . . . . . . . . . Data Cores Recovered 1 | . . . . . . . 1 . . . Used . | . . . . . . . . . . . Hacking Detections 8 | . 1 . 2 . . . 2 . 2 1 Full Trace Events 5 | . 1 . 2 . . . 1 . 1 . Feedback Events . | . . . . . . . . . . . Feedback Blocked . | . . . . . . . . . . . Robot Schematics Acquired . | . . . . . . . . . . . Robots Built . | . . . . . . . . . . . Authchips . | . . . . . . . . . . . Time . | . . . . . . . . . . . Total Robot Build Rating . | . . . . . . . . . . . Part Schematics Acquired 1 | . . . . . . . . . 1 . Parts Built . | . . . . . . . . . . . Authchips . | . . . . . . . . . . . Time . | . . . . . . . . . . . Total Part Build Rating . | . . . . . . . . . . . Parts Repaired 2 | . . . . . . . 1 . . 1 Time 70 | . . . . . . . 32 . . 38 Parts Recycled . | . . . . . . . . . . . Recycled Matter . | . . . . . . . . . . . Retrieved Matter . | . . . . . . . . . . . Retrieved Components . | . . . . . . . . . . . Parts Scanalyzed 1 | . . . . . . . . . 1 . Part Schematics Acquired 1 | . . . . . . . . . 1 . Parts Damaged . | . . . . . . . . . . . Bothacking | -11 -10 -10 -9 -9 -9 -8 -8 -8 -8 -7 ------------ Run | Jun Mat Min Mat Min Exi Min Mat Gar Mat Fac Used RIF Installer 1 | . . . . . . . . 1 . . Robots Hacked 9 | . . . . . . . . . . 9 Non-combat 3 | . . . . . . . . . . 3 Combat 6 | . . . . . . . . . . 6 Robot Hacks Applied 10 | . . . . . . . . . . 10 start_evac 1 | . . . . . . . . . . 1 find_chute 1 | . . . . . . . . . . 1 ignore_repairs 1 | . . . . . . . . . . 1 link_fov 1 | . . . . . . . . . . 1 scatter_targeting 1 | . . . . . . . . . . 1 disable_weapons 1 | . . . . . . . . . . 1 overwrite_iff 1 | . . . . . . . . . . 1 formatsys_high 3 | . . . . . . . . . . 3 Relay Couplers Released 19 | . . . . . . . . 19 . . Machine Destruction 19 | . . . . . . . . 19 . . Attached 5 | . . . . . . . . . . 5 Fabnet Peak Effective % . | . . . . . . . . . . . Robots Rewired . | . . . . . . . . . . . Allies Hacked . | . . . . . . . . . . . Hacks Repelled . | . . . . . . . . . . . Allies | -11 -10 -10 -9 -9 -9 -8 -8 -8 -8 -7 -------- Run | Jun Mat Min Mat Min Exi Min Mat Gar Mat Fac Total Allies 7 | . . . . 3 . . . . . 4 Largest Group 3 | . . . . 3 3 3 . . . 1 Highest-Rated Group 40 | . . . . 40 40 40 . . . 32 Highest-Rated Ally 32 | . . . . 16 16 16 . . . 32 Total Orders . | . . . . . . . . . . . Ally Attacks 28 | . . . . 14 . 6 . . . 8 Total Damage 412 | . . . . 164 . 83 . . . 165 Kills 6 | . . . . 5 . 1 . . . . Allies Corrupted . | . . . . . . . . . . . Allies Melted . | . . . . . . . . . . . Intel | -11 -10 -10 -9 -9 -9 -8 -8 -8 -8 -7 ------- Run | Jun Mat Min Mat Min Exi Min Mat Gar Mat Fac Robot Analysis Total . | . . . . . . . . . . . Derelict Logs Recovered . | . . . . . . . . . . . Drone Launches . | . . . . . . . . . . . Drone Recoveries . | . . . . . . . . . . . Exploration | -11 -10 -10 -9 -9 -9 -8 -8 -8 -8 -7 ------------- Run | Jun Mat Min Mat Min Exi Min Mat Gar Mat Fac Turns Passed 10959 | 67 605 107 538 676 343 575 1546 1626 924 3952 Spaces Moved 5596 | 48 435 51 262 387 236 323 867 1022 345 1620 Core 12 | 5 6 . . 1 . . . . . . Treads 1512 | . . . . . . 1 3 . 270 1238 Legs 148 | 43 105 . . . . . . . . . Wheels 3370 | . 152 51 262 386 236 322 864 1022 75 . Hover . | . . . . . . . . . . . Flight 554 | . 172 . . . . . . . . 382 Fastest Speed 32 | 50 37 135 150 135 145 145 108 115 115 32 Average Speed 156 | 112 96 135 150 151 145 145 138 120 220 199 Slowest Speed 1700 | 120 280 135 150 1700 145 240 240 130 250 250 Overloaded Moves . | . . . . . . . . . . . Propulsion Burnouts . | . . . . . . . . . . . Robots Hopped 13 | . . . . . . . . . . 13 Cave-ins Triggered . | . . . . . . . . . . . Exploration Rate (%) 47 | 4 57 20 31 90 60 55 54 68 37 44 Regions Visited 10 Branch Regions 4 Pre-discovered Areas . | . . . . . . . . . . . Known Exits Taken 1 | . . . . . . . 1 . . . Unknown Exits Taken 8 | 1 1 1 1 1 1 1 . . 1 . Scrap Searched 2 | . . . . 1 . 1 . . . . Spaces Dug 6 | . . . . . . . . . . 6 Terrain Destroyed 80 | . 5 . 16 . . . 10 . 15 34 Melee . | . . . . . . . . . . . Projectile 40 | . . . . . . . 10 . 15 15 AOE 40 | . 5 . 16 . . . . . . 19 Terrain Rammed . | . . . . . . . . . . . Walls Destroyed . | . . . . . . . . . . . Machines Disabled . | . . . . . . . . . . . Actions | -11 -10 -10 -9 -9 -9 -8 -8 -8 -8 -7 --------- Run | Jun Mat Min Mat Min Exi Min Mat Gar Mat Fac Total 7020 | 57 557 67 344 435 237 384 1151 1266 446 2076 Wait 589 | . 36 2 20 7 . 11 173 82 57 201 Move 5563 | 47 434 50 261 386 235 322 867 1020 344 1597 Hop 10 | . . . . . . . . . . 10 Pick Up 109 | 3 16 1 14 3 1 7 24 15 2 23 Fast Attach 52 | 6 10 . . 4 . . 8 . 5 19 Attach 59 | . 6 . 6 2 . 10 5 6 . 24 Detach 18 | . 7 . . 2 . 4 3 . . 2 Swap 23 | 1 2 1 1 . . 1 5 3 . 9 Drop 112 | . 11 . 5 6 1 4 30 11 5 39 Fire 390 | . 34 13 37 24 . 25 36 65 28 128 Melee 18 | . . . . . . . . . 5 13 Ram 2 | . 1 . . 1 . . . . . . Kick . | . . . . . . . . . . . Crush 4 | . . . . . . . . . . 4 Escape Stasis 68 | . . . . . . . . 64 . 4 Rewire 3 | . . . . . . . . . . 3 Trap . | . . . . . . . . . . . Miscellaneous . | . . . . . . . . . . . Route ------- -11/Junkyard -10/Materials (discovered 2 exits: *Mat / [*Min]) -10/Mines -9/Materials (discovered 2 exits: *Min / [*Sto]) -9/Mines (discovered 4 exits: *Mat x2 / *Exi / [*Zio]) -9/Exiles -8/Mines -8/Materials (discovered 2 exits: *Fac / Gar) -8/Garrison (discovered 3 exits: *Mat x3) -8/Materials -7/Factory History --------- Turn | Location | Event 5 | -11/Junkyard | Discovered new exit (range 15) 68 | -11/Junkyard | Entered Materials 295 | -10/Materials | Discovered new exit (range 16) 337 | -10/Materials | Build established: Mutant 394 | -10/Materials | Discovered new exit (range 11) 673 | -10/Materials | Entered Mines 768 | -10/Mines | Discovered new exit (range 10) 780 | -10/Mines | Entered Materials 780 | -9/Materials | Evolved 2 slots: Weapon x2 1079 | -9/Materials | Build established: Gunner 1129 | -9/Materials | Discovered new exit (range 5) 1291 | -9/Materials | Discovered new exit (range 14) 1318 | -9/Materials | Entered Mines 1526 | -9/Mines | Assisted by bots powering up and referring to "LRC-V3" 1666 | -9/Mines | Met a Derelict shopkeep closing up shop 1729 | -9/Mines | Discovered new exit (range 6) 1950 | -9/Mines | A Derelict revealed a hidden shortcut to a safe place 1953 | -9/Mines | Discovered new exit (range 7) 1984 | -9/Mines | Deemed a non-threat by the Exiles lab entrance 1984 | -9/Mines | Discovered new exit (range 5) 1994 | -9/Mines | Entered Exiles 1994 | -9/Exiles | Accompanied by 3 allies 2031 | -9/Exiles | Met 8R-AWN 2054 | -9/Exiles | Met EX-HEX 2096 | -9/Exiles | Met EX-BIN 2124 | -9/Exiles | Aligned with FarCom system 2125 | -9/Exiles | Given EX-Vault access code 2160 | -9/Exiles | Opened EX-Vault 2170 | -9/Exiles | Found Cloak of Protection 2199 | -9/Exiles | Warned to stay clear of 0b10 Research branches 2220 | -9/Exiles | Exiles lab attacked by MAIN.C 2318 | -9/Exiles | Discovered new exit (range 11) 2337 | -9/Exiles | Left Exiles lab with Cloak of Protection 2337 | -9/Exiles | Entered Mines 2337 | -8/Mines | Accompanied by 3 allies 2422 | -8/Mines | Core integrity fell below 50% 2495 | -8/Mines | Lost 4 parts (1p3w) 2784 | -8/Mines | Build established: Mutant 2890 | -8/Mines | Discovered new exit (range 12) 2912 | -8/Mines | Entered Materials 2912 | -8/Materials | Evolved 2 slots: Propulsion x2 3595 | -8/Materials | Discovered new exit (range 5) 3643 | -8/Materials | Repaired Imp. Treads 4105 | -8/Materials | Build established: Skirmisher 4458 | -8/Materials | Identified exit to Garrison 4458 | -8/Materials | Entered Garrison 4524 | -8/Garrison | Triggered checkpoint 4565 | -8/Garrison | Garrison Relay disabled 4840 | -8/Garrison | Triggered checkpoint 4918 | -8/Garrison | Discovered new exit (range 9) 4988 | -8/Garrison | Triggered checkpoint 5052 | -8/Garrison | Garrison Relay disabled 5114 | -8/Garrison | Triggered checkpoint 5228 | -8/Garrison | Triggered checkpoint 5284 | -8/Garrison | Garrison Relay disabled 5322 | -8/Garrison | Discovered new exit (range 12) 5392 | -8/Garrison | Triggered checkpoint 5480 | -8/Garrison | Discovered new exit (range 14) 5550 | -8/Garrison | Triggered checkpoint 5578 | -8/Garrison | Core integrity fell below 50% 5601 | -8/Garrison | Garrison Relay disabled 5995 | -8/Garrison | Installed Relay Interface Framework 6084 | -8/Garrison | Entered Materials 6298 | -8/Materials | Build established: Bothacker-Skirmisher 6950 | -8/Materials | Discovered new exit (range 13) 7008 | -8/Materials | Entered Factory 7008 | -7/Factory | Evolved 2 slots: Utility x2 7835 | -7/Factory | Build established: Bothacker-Mutant 8013 | -7/Factory | Cargo convoy interrupted 8184 | -7/Factory | Build established: Bothacker-Skirmisher 8797 | -7/Factory | Build established: Bothacker-Mutant 9008 | -7/Factory | First assault squad dispatched 9443 | -7/Factory | Build established: Mutant 9618 | -7/Factory | System corruption reached 10% 9621 | -7/Factory | Garrison activated, responded to threat 9688 | -7/Factory | Core integrity fell below 50% 9974 | -7/Factory | Repaired Arm. Treads 10382 | -7/Factory | Build established: Skirmisher 10801 | -7/Factory | Lost 4 parts (1p1n1u1w) 10850 | -7/Factory | Core integrity fell below 20% 10960 | -7/Factory | Destroyed by S-27 Virus with Autogun Last Messages --------------- 10901_ Acquired Xenon Bombardment Thruster. 10901_ ALERT: Hostiles spotted, dispatching reinforcements to Terminal F020. 10917_ System corrupted: Matter fused (-7). 10924_ G-47 Trooper suffers critical hit (Burn). 10936_ K-01 Serf cleans the Nuclear Reactor. 10936_ R-06 Scavenger inserts Unknown Wheel into recycling unit. 10937_ Recycling unit begins recycling process. 10939_ System corrupted: Component data lost. 10939_ R-06 Scavenger inserts Lightning Gun into recycling unit. 10942_ R-06 Scavenger inserts Arm. Treads into recycling unit. 10946_ Recycling unit begins recycling process. 10948_ K-01 Serf cleans the Recycling Unit. 10952_ System corrupted: Slammed into wall. 10952_ Datajack destroyed. 10952_ System corrupted by crushing effect (+4). 10955_ Xenon Bombardment Thruster destroyed. 10956_ Dropped Hpw. Tractor Beam. 10957_ Dropped Sml. Storage Unit. 10957_ Dropped Core Shielding. Map ----- +----------------------------------------------------+ | ????????????????????????# """ | | ????????????????????????# | | ????????????????????????# ! | | ????????????????????????# ############### | | ????????????????????????# T#????????????? | | ????????????????????????# #????????????? | | ????????????????????????# ##????????????? | | ????????????????????????# #?????????????? | | ????????????????????????# #?????????????? | | ????????????????????????# #?????????????? | | ????????????????????????# s #?????????????? | | ????????????????????????# #?????????????? | | ????????????????????????# #?????????????? | | ???????????????#####+#### ############### | | ???????????????# | | ???????????????# | | ?????????????? # | | ????????????? + ] | | ???????????????# s ! | | ???????????????# s = | | ???????????????# !== | | ???????????????#####+#s######+################# | | ???????????????#Y !!# #???????# [ | | ???????????????## ==!# #???????# | | ????????????????# == # [ ==#???????# | | ????????????????# !=@# = #???????# | | ????????????????# # #???????# | | ????????????????# # #???????# | | ????????????????# # """"""""" #???????# | | ????????????????# # #???????# | | ????????????????#"" # """"""""" ######### | | ????????????????#"" # + + | | ????????????????#G # """"""""" ######### " | | ????????????????#"" # #???????#] | | ????????????????#"" ###### #######???????### | | ????????????????# ?????###?????????????### | | ?????????????????######????????????????????? | | ????????????????????????????????????????????"" | | ????????????????????????????????????????????"" | | ?????????????????????????????????????????# """ | | ?????????????????????????????????????????# | | ?????????????????????????????????????????# | | ?????????????????????????????????????????# | | ????????????????????????????????????????????### | | ?????????????????????????????????????????????# | | ?????????????????????????????????????????????# | | ?????????????????????????????????????????????#= | | ?????????????????????????????????????????????#= | | ?????????????????????????????????????????????#= | | ?????????????????????????????????????????????# | +----------------------------------------------------+ Best States ------------- Heat Dissipation 61 Energy Generation 18 Energy Capacity 280 Matter Stores 300 Matter Capacity 300 Sight Range 18 Terrain Scan Density 10 Armor Coverage 150 Core Shielding 20 Evasion (%) 63 Recoil Reduction 4 Salvage Targeting 1 Offensive Hacking 10 Relay Coupler Types 2 Relay Coupler Value 29 Item Schematics ----------------- Cesium-ion Thruster | -8/Materials | Scanalyzed Robot Schematics ------------------ None Fabricated ------------ Nothing Alien Tech Used ----------------- None Achievements -------------- Assimilation Complete Challenges ------------ None Game ------ Seed HardlightThermicWeb Manual? 0 Play Time 01:40:15 Cumulative 36.6 hours Start 2023.07.15 @ 19:24:22 End 2023.07.16 @ 01:53:15 Sessions 3 Manual Loads 0 Difficulty Rogue Special Mode None Game No. 33 Rogue 33 Adventurer 0 Explorer 0 Win Type - Total 0 Types 0/0/0/0/0/0/0/0/0 Lore% 20 Gallery% 39 Achievement% 33 Wizard Run 0 Options --------- ASCII 0 Keyboard 0 Movement Mouse Keybinds 0 Fullscreen 1 Font 24/Smallcaps Map View 76x50 Tactical HUD 1 Map Filters NONE Filters NONE Steam 1 RUN: 2168d153-c86a-4d40-b285-a14ca4955499